 Dungeon Crawl Stone Soup version 0.22.0-6-g71bd7aa (webtiles) character file.

35 Lauz the Charmwright (level 3, 0/30 HPs)
             Began as a Draconian Skald on Aug 15, 2018.
             Succumbed to a goblin's poison
             ... on level 1 of the Dungeon.
             The game lasted 00:05:26 (1011 turns).

Lauz the Charmwright (Draconian Skald)              Turns: 1011, Time: 00:05:27

Health: 0/30       AC:  6    Str: 13    XL:     3   Next: 17%
Magic:  6/6        EV: 18    Int: 14    God:
Gold:   37         SH:  0    Dex: 18    Spells: 5/6 levels left

rFire    . . .     SeeInvis .   a - +0 falchion
rCold    . . .     Gourm    .   (no shield)
rNeg     . . .     Faith    .   (armour unavailable)
rPois    .         Spirit   .   (helmet restricted)
rElec    .         Reflect  .   (no cloak)
rCorr    .         Harm     .   d - +0 pair of gloves
MR       .....                  (no boots)
Stlth    +++.......             (no amulet)
HPRegen  0.10/turn              h - +3 ring of dexterity
MPRegen  0.10/turn              (no ring)

@: agile, lethally poisoned (0 -> -2)
A: unfitting armour, cold-blooded, AC +5
a: no special abilities


You were on level 1 of the Dungeon.
You were not hungry.

You visited 1 branch of the dungeon, and saw 2 of its levels.

You collected 37 gold pieces.

Inventory:

Hand Weapons
 a - a +0 falchion (weapon)
Armour
 d - a +0 pair of gloves (worn)
Jewellery
 h - a +3 ring of dexterity (left hand)
Scrolls
 e - 2 scrolls of enchant weapon {unknown}
 g - a scroll of amnesia {unknown}
 i - a scroll of enchant armour {unknown}
 j - a scroll of identify {unknown}
Comestibles
 b - a chunk of flesh
 c - 2 rations


   Skills:
 - Level 2.3 Fighting
 * Level 2.5 Long Blades
 + Level 2.5 Dodging
 + Level 0.2 Stealth
 + Level 2.0 Spellcasting
 + Level 3.1 Charms


You had 5 spell levels left.
You knew the following spells:

 Your Spells              Type           Power        Failure   Level  Hunger
a - Infusion              Chrm           ##..         6%          1    ##.....

Your spell library contained the following spells:

 Spells                   Type           Power        Failure   Level  Hunger
 Regeneration             Chrm/Necr      #.........   36%         3    ####...
 Shroud of Golubria       Chrm/Tloc      #.........   19%         2    ###....
 Song of Slaying          Chrm           ##......     10%         2    ###....
 Spectral Weapon          Hex/Chrm       #.......     36%         3    ####...


Dungeon Overview and Level Annotations

Branches:
Dungeon (2/15)

Altars:
Nemelex Xobeh


Innate Abilities, Weirdness & Mutations

Your plain brown scales are hard. (AC +5)
You cannot fit into any form of body armour.
You are cold-blooded and may be slowed by cold attacks.


Message History

You feel sick.
* * * LOW HITPOINT WARNING * * *
You feel sick.
* * * LOW HITPOINT WARNING * * *
You feel sick.
You are no longer magically infusing your attacks.
* * * LOW HITPOINT WARNING * * *
You feel sick.
* * * LOW HITPOINT WARNING * * *
You feel sick.
* * * LOW HITPOINT WARNING * * *
You feel sick.
There is a stone staircase leading up here.
You climb upwards.
* * * LOW HITPOINT WARNING * * *
You feel sick.
There is a stone staircase leading down here.
* * * LOW HITPOINT WARNING * * *
You feel sick.
You die...

#.............≈≈≈≈≈#####≈≈≈
##.#.#######...≈(≈≈##...##.≈
#.###.######).)≈≈≈≈#.....#.≈
##.#..........≈≈≈≈≈#..<..'÷.
#...#####....≈≈≈≈≈#.....#..
#...# #.#...≈≈≈≈##...##≈≈
#...# #.#...≈≈≈≈≈#####≈≈≈
#...#####.#...≈≈≈≈≈≈≈≈≈≈≈≈≈
##.#.......@....≈≈≈≈≈≈≈≈≈≈≈≈
##.###.........#.≈≈≈≈≈≈≈≈≈≈≈≈
#.## ##............≈≈≈≈≈≈≈≈≈≈
##.###...##.####.....≈≈≈≈≈≈≈≈
##.#..#.............≈≈≈≈≈≈≈≈
##>#...##.............≈≈≈≈≈
####.###..###..#####.....≈
#.# #..............#...
#.###...##..######.....


There were no monsters in sight!

Vanquished Creatures
  A leopard gecko (D:1)
  A giant cockroach (D:1)
  4 goblins
  A hobgoblin (D:1)
  5 jackals
  2 ball pythons
  7 bats (D:1)
  2 frilled lizards (D:1)
  4 kobolds (D:1)
  5 rats
32 creatures vanquished.

Notes
Turn   | Place    | Note
-------+----------+-------------------------------------------
     0 | D:1      | Lauz the Draconian Skald began the quest for the Orb.
     0 | D:1      | Reached XP level 1. HP: 17/17 MP: 3/3
   201 | D:1      | Reached XP level 2. HP: 23/24 MP: 1/5
   255 | D:1      | Reached skill level 3 in Charms
   879 | D:2      | Found a sparkling altar of Nemelex Xobeh.
   881 | D:2      | Reached XP level 3. HP: 30/30 MP: 2/6
  1003 | D:1      | HP: 1/30 [poisoned by a goblin]
  1011 | D:1      | Succumbed to a goblin's poison

Skill      XL: |  1  2 |
---------------+-------+-----
Charms         | 3 |  3.1
Fighting       | |  2.3
Long Blades    | |  2.5
Dodging        | |  2.5
Stealth        | |  0.2
Spellcasting   | |  2.0

Action                   || total
-------------------------++-------
Melee: Falchion          ||    82
       Tailslap          ||     2
 Cast: Infusion          ||     9
  Use: Scroll            ||     1
       Potion            ||     1
 Stab: Sleeping          ||     1
  Eat: Chunk             ||     1
Armor: Skin              ||    40
Dodge: Dodged            ||    77
       Rpst.: Falchion   ||    26
